 Dungeon Crawl Stone Soup version 0.29.1-15-g9cfb28693d (webtiles) character file.

Game seed: 10029138219037455856

283554 nightchill the Metallomancer (level 20, -1/134 HPs)
             Began as a Gargoyle Earth Elementalist on Feb 21, 2023.
             Was the Champion of Vehumet.
             Slain by a spriggan rider
             ... wielding a +2 spear of pain
             ... led by the Enchantress
              (10 damage)
             ... while paralysed by a floating eye
             ... on level 4 of the Depths on Feb 24, 2023.
             The game lasted 04:08:44 (58555 turns).

nightchill the Metallomancer (GrEE)                Turns: 58555, Time: 04:08:45

Health: -1/134     AC: 22    Str: 11    XL:     20   Next: 56%
Magic:  39/39      EV:  2    Int: 32    God:    Vehumet [******]
Gold:   3910       SH:  0    Dex: 10    Spells: 1/49 levels left

rFire   + . .      SeeInvis .   O - staff of conjuration
rCold   + . .      Faith    .   H - +5 kite shield {reflect}
rNeg    + . .      Spirit   .   L - +1 robe {Will+}
rPois   ∞          Reflect  +   T - +1 helmet
rElec   +          Harm     .   n - scarf {rC+ rF+}
rCorr   .          Rampage  .   x - +0 pair of gloves
Will    ++...                   (no boots)
Stlth   ++........              s - amulet of magic regeneration
HPRegen 0.32/turn               v - ring of wizardry
MPRegen 0.66/turn               Q - +6 ring of intelligence

@: paralysed, flying
A: sickness immunity, AC +15, big wings, negative energy resistance 1,
electricity resistance, torment resistance 1, petrification resistance
}: 2/15 runes: serpentine, barnacled
a: Renounce Religion


You were on level 4 of the Depths.
You worshipped Vehumet.
Vehumet was exalted by your worship.
You visited 7 branches of the dungeon, and saw 35 of its levels.

You collected 6311 gold pieces.
You spent 2401 gold pieces at shops.

Inventory:

Hand Weapons
 w - a +2 rapier of electrocution
Missiles
 c - 207 stones (quivered)
 g - 4 throwing nets
 J - 12 curare-tipped darts
Armour
 m - a +1 cloak of willpower
 n - a scarf of resistance (worn)
 x - a +0 pair of gloves (worn)
 H - a +5 kite shield of reflection (worn)
 L - a +1 robe of willpower (worn)
 T - a +1 helmet (worn)
Magical Staves
 d - a staff of fire
 O - a staff of conjuration (weapon)
Jewellery
 s - an amulet of magic regeneration (around neck)
 v - a ring of wizardry (left hand)
 K - a ring of see invisible
 N - a ring of positive energy
 Q - a +6 ring of intelligence (right hand)
 S - a ring of protection from fire
 W - a ring of protection from cold
 Y - a ring of resist corrosion
Wands
 a - a wand of acid (6)
 h - a wand of mindburst (13)
 r - a wand of polymorph (6)
 C - a wand of digging (8)
 U - a wand of charming (29)
 V - a wand of iceblast (42)
Scrolls
 b - 2 scrolls of blinking
 i - 10 scrolls of teleportation
 k - 3 scrolls of butterflies
 o - 2 scrolls of enchant armour
 p - 7 scrolls of poison
 q - 4 scrolls of amnesia
 t - 5 scrolls of magic mapping
 u - 5 scrolls of noise
 y - a scroll of silence
 z - 2 scrolls of summoning
 A - 9 scrolls of immolation
 B - 6 scrolls of vulnerability
 G - 9 scrolls of enchant weapon
 P - 5 scrolls of fear
Potions
 e - 4 potions of ambrosia
 f - 6 potions of magic
 j - 3 potions of haste
 l - a potion of cancellation
 D - 8 potions of heal wounds
 E - 4 potions of might
 F - 4 potions of brilliance
 I - 9 potions of curing
 M - 4 potions of invisibility
 R - 3 potions of attraction
 X - 3 potions of resistance
 Z - 2 potions of berserk rage


   Skills:
 + Level 17.5 Fighting
 - Level 4.8 Armour
 - Level 4.1 Dodging
 - Level 4.0 Stealth
 - Level 14.0 Shields
 + Level 15.4 Spellcasting
 - Level 15.0 Conjurations
 - Level 0.7 Transmutations
 - Level 5.6 Fire Magic
 * Level 24.1 Earth Magic


You had one spell level left.
You knew the following spells:

 Your Spells              Type           Power      Damage    Failure   Level
a - Sandblast             Erth           100%       2d20      0%          1
b - Passwall              Tmut/Erth      67%        N/A       1%          2
c - Stone Arrow           Conj/Erth      100%       3d13      0%          3
d - Petrify               Tmut/Erth      81%        N/A       1%          4
e - Fireball              Conj/Fire      47%        3d19      1%          5
f - Lee's Rapid Deconstr  Erth           54%        3d26*     0%          5
g - Apportation           Tloc           48%        N/A       1%          1
h - Iron Shot             Conj/Erth      61%        9d11      1%          6
i - Orb of Destruction    Conj           55%        9d14      1%          7
j - Shatter               Erth           54%        3d41*     1%          9
k - Borgnjor's Vile Clut  Necr/Erth      40%        N/A       1%          5

Your spell library contained the following spells:

 Spells                   Type           Power      Damage    Failure   Level
 Chain Lightning          Conj/Air       41%        3d55      100%        9
 Polar Vortex             Ice            12%        N/A       100%        9
 Necrotise                Necr           96%        1d8       1%          1
 Summon Small Mammal      Summ           96%        N/A       1%          1
 Ensorcelled Hibernation  Hex/Ice        48%        N/A       1%          2
 Scorch                   Fire           100%       2d10      1%          2
 Static Discharge         Conj/Air       83%        3-14/arc  1%          2
 Conjure Flame            Conj/Fire      94%        6-21      1%          3
 Dazzling Flash           Conj/Hex       100%       N/A       1%          3
 Ignite Poison            Fire/Tmut/Pois 38%        N/A       1%          3
 Animate Armour           Summ/Erth      100%       N/A       1%          4
 Flame Wave               Conj/Fire      94%        2d20      1%          4
 Leda's Liquefaction      Hex/Erth       40%        N/A       1%          4
 Sticky Flame             Conj/Fire      94%        2d10      1%          4
 Lightning Bolt           Conj/Air       41%        1d60      1%          5
 Lehudib's Crystal Spear  Conj/Erth      61%        10d14     1%          8
 Call Canine Familiar     Summ           24%        N/A       4%          3
 Gell's Gravitas          Tloc           24%        N/A       4%          3
 Portal Projectile        Hex/Tloc       48%        N/A       4%          3
 Swiftness                Air            24%        N/A       4%          3
 Teleport Other           Tloc           24%        N/A       4%          3
 Olgreb's Toxic Radiance  Pois           24%        N/A       4%          4
 Animate Dead             Necr           24%        N/A       13%         4
 Blade Hands              Tmut           14%        N/A       26%         5
 Agony                    Necr           24%        N/A       32%         5
 Silence                  Hex/Air        12%        N/A       32%         5
 Ignition                 Fire           28%        3d9       83%         8
 Dispersal                Tloc           12%        N/A       86%         6
 Summon Cactus Giant      Summ           12%        N/A       86%         6
 Ozocubu's Refrigeration  Ice            12%        4d10      89%         7
 Haunt                    Necr/Summ      12%        N/A       100%        7
 Infestation              Necr           12%        N/A       100%        8
 Maxwell's Capacitive Co  Air            12%        ∞         100%        8


Dungeon Overview and Level Annotations

Branches:
Dungeon (15/15)            Temple (1/1) D:5            Lair (5/5) D:10
 Shoals (4/4) Lair:3        Snake (4/4) Lair:2        Slime (0/5) Lair:5
    Orc (2/2) D:9             Elf (0/3) Orc:2        Vaults (0/5) D:14
 Depths (4/4) D:15
    Zot: Depths:4

Altars:
Ashenzari
Cheibriados
Dithmenos
Elyvilon
Fedhas
Gozag
Hepliaklqana
Kikubaaqudgha
Makhleb
Nemelex Xobeh
Okawaru
Qazlal
Ru
Sif Muna
Trog
Uskayaw
Vehumet
Wu Jian
Xom
Yredelemnul
Zin
The Shining One
Lugonu

Shops:
D:3 ?   D:4 ?   D:6 :   Orc:1 *   Orc:2 *!(!?   Shoals:2 :(=:=   Depths:1 *
Depths:3 :

Portals:
Hell: Depths:1 Depths:2 Depths:3
Abyss: Depths:3
Pandemonium: Depths:2
Ziggurat: Depths:3

Annotations:
D:2 exclusion: downstairs
D:4 exclusion: 3 doors
D:8 exclusion: 2 downstairs
D:13 exclusion: 2 downstairs, Cosask's ghost, journeyman MiFi
D:14 6 transporters, 1 exclusion
Lair:1 exclusion: door
Lair:2 1 runed translucent door, exclusions: downstairs, oklob plant and 5 more exclusions, Tyejeoqa's ghost, novice MiBe
Lair:3 exclusions: boulder beetle and downstairs
Lair:4 exclusion: downstairs
Shoals:1 exclusions: 2 downstairs and 1 more exclusion
Shoals:2 exclusion: 2 downstairs
Shoals:3 exclusions: 2 downstairs and 1 more exclusion
Shoals:4 exclusion: door
Snake:1 1 exclusion
Snake:2 exclusions: 2 downstairs and 1 more exclusion
Snake:3 exclusion: 2 downstairs
Orc:1 1 exclusion
Orc:2 2 exclusions
Depths:1 exclusion: 2 downstairs
Depths:2 exclusion: 4 downstairs
Depths:3 exclusion: 2 downstairs
Depths:4 the Enchantress


Innate Abilities, Weirdness & Mutations

You are immune to sickness and miasma.
Your stone body is resilient. (AC +15)
You are immune to poison.
Your large and strong wings let you fly.
You resist negative energy. (rN+)
You are resistant to electric shocks. (rElec)
You are resistant to unholy torment.
You are immune to petrification.


Message History

The Enchantress shouts!
The tengu reaver shouts!
There is a stone staircase leading up here.
The tengu reaver hits you with a +3 war axe of draining.
The tengu reaver pecks you but does no damage.
The tengu reaver claws you but does no damage.
You block the spriggan's attack. The spriggan rider closely misses you.
The Enchantress hits you but does no damage.
The floating eye gazes piercingly through you!
You suddenly lose the ability to move!
You stop ascending the stairs.
The spriggan berserker hits you but does no damage.
The spriggan defender hits you with a +3 rapier of speed!!
The tengu reaver completely misses you. The tengu reaver pecks you.
The tengu reaver claws you but does no damage.
The spriggan rider hits you but does no damage.
The spriggan barely misses you.
The spriggan defender hits you with a +3 rapier of speed!
The Enchantress hits you with a +0 demon whip of flaming.
The spriggan air mage waves its arms in wide circles.
The air twists around and strikes you. The floating eye's view fixates on you.
The spriggan berserker hits you with a +0 war axe.
The tengu reaver hits you but does no damage.
The tengu reaver completely misses you.
The tengu reaver claws you but does no damage.
The Enchantress hits you but does no damage.
The spriggan berserker hits you with a +0 war axe!
* * * LOW HITPOINT WARNING * * *
The spriggan rider hits you but does no damage.
The spriggan defender hits you but does no damage.
The tengu reaver hits you with a +3 war axe of draining!!
* * * LOW HITPOINT WARNING * * *
The tengu reaver pecks you but does no damage.
The tengu reaver claws you but does no damage.
The Enchantress gestures at you while chanting.
You resist with some effort.
The spriggan defender hits you with a +6 lajatang!!
* * * LOW HITPOINT WARNING * * *
The spriggan defender hits you but does no damage.
The spriggan rider hits you from afar with a +2 spear of pain!
You die...

#............#
#.............
#............
#..........#
#..........#
#.....ii...#
#....iiii..#
#...GQ@ii..#
############


You could see the Enchantress (repels missiles, reflecting), a tengu reaver, 3
spriggan defenders, a spriggan rider, a spriggan berserker, a spriggan air mage
(repels missiles), a spriggan and a floating eye (charged).

Vanquished Creatures
  A juggernaut (Depths:3)
  A caustic shrike (Depths:3)
  3 golden dragons
  2 tentacled monstrosities (Depths:2)
  A walking crystal tome (Depths:2)
  4 titans (Depths:2)
  A lich (Depths:3)
  Polyphemus (Shoals:3)
  2 sphinxes
  Frances (Shoals:1)
  2 storm dragons
  A tengu reaver (Depths:2)
  Kirke (Lair:3)
  Ilsuiw (Shoals:4)
  4 fire giants
  8 nagarajas
  An iron dragon (Depths:3)
  3 frost giants
  An orc warlord (Orc:1)
  2 spriggan defenders
  14 very ugly things
  11 stone giants
  2 vampire knights (Depths:2)
  A spark wasp (Depths:1)
  6 merfolk javelineers (Shoals:4)
  5 merfolk impalers
  3 ettins
  Snorg (D:14)
  3 fire dragons
  7 ice dragons
  4 boulder beetles
  4 hydras
  2 rakshasas (Depths:1)
  4 spriggan air magi
  A vault guard (D:14)
  3 catoblepae
  4 ogre magi (Orc:2)
  19 two-headed ogres
  3 centaur warriors
  9 anacondas
  3 merfolk aquamancers (Shoals:4)
  18 naga warriors
  A merfolk avatar (Shoals:2)
  A deep troll earth mage (Depths:2)
  3 alligator snapping turtles
  3 satyrs
  12 tengu warriors
  A vampire mage (Depths:1)
  4 death yaks
  5 deep troll shamans
  2 hell knights
  16 naga sharpshooters
  7 shock serpents
  4 spriggan berserkers
  Amaemon (Lair:1)
  8 iron trolls
  A golden dragon zombie (Depths:3)
  6 salamander mystics
  7 deep trolls
  8 naga ritualists
  16 sea snakes
  2 orc knights
  A lindwurm (Lair:2)
  A tengu zombie (Depths:3)
  8 mana vipers
  2 phantasmal warriors (Depths:2)
  18 ugly things
  17 harpies
  A deep elf pyromancer (D:13)
  2 necromancers (D:15)
  16 fauns
  3 orc sorcerers
  17 salamanders
  10 elephants
  4 cyclopes
  18 merfolk sirens
  13 manticores
  A black mamba (shapeshifter) (D:15)
  35 black mambas
  19 naga magi
  2 orange demons
  6 centaur zombies (D:10)
  3 water nymphs
  A guardian serpent (Snake:1)
  9 cane toads
  3 gargoyles
  4 efreet
  7 komodo dragons
  4 kobold demonologists
  2 rime drakes
  A tormentor (Depths:2)
  2 ice devils (Lair:3)
  An unseen horror (D:11)
  An unseen horror zombie (D:10)
  3 tengu conjurers
  2 hellwings (Depths:2)
  7 trolls
  A red devil (Depths:2)
  18 merfolk
  Prince Ribbit (D:5)
  4 hornets
  A wolf spider simulacrum (D:14)
  5 wind drakes
  21 blink frogs
  10 snapping turtles
  10 slime creatures
  4 shadows
  A centaur simulacrum (D:14)
  2 vampires (D:10)
  2 spriggans (Depths:3)
  11 wyverns
  2 hogs (Lair:3)
  53 yaks
  8 water elementals
  6 wraiths
  6 basilisks
  A steam dragon (D:6)
  8 vampire mosquitoes
  68 nagas
  A warg (Orc:1)
  2 acid dragons
  10 water moccasins
  24 orc warriors
  2 sky beasts
  A sky beast (shapeshifter) (Depths:3)
  2 ice beasts
  A black bear (shapeshifter) (D:14)
  6 black bears
  3 wolves (Lair:1)
  28 ogres
  3 centaurs
  A phantom (D:6)
  5 kobold brigands
  11 bullfrogs
  4 scorpions
  4 gnoll sergeants
  4 wights (D:6)
  4 killer bees (D:11)
  An electric eel (D:9)
  A howler monkey (D:9)
  2 jellies
  7 hounds
  5 gnoll boudas
  17 orc priests
  5 iguanas
  23 orc wizards
  A howler monkey zombie (D:10)
  23 gnolls
  6 adders
  A shadow imp (D:5)
  A white imp (D:6)
  3 ufetubi
  3 worms (D:2)
  4 dart slugs
  65 orcs
  4 endoplasms (D:1)
  5 giant cockroaches
  9 goblins
  18 hobgoblins
  6 jackals
  16 kobolds
  2 quokkas
  8 ball pythons
  8 bats
  3 frilled lizards
  4 rats
1130 creatures vanquished.

Vanquished Creatures (others)
  Nikola (Snake:3)
  A shadow (D:10)
  A human (Lair:3)
  6 bushes
  3 demonic plants (D:14)
  23 fungi
  173 plants
  4 tentacles (Shoals:3)
  4 withered plants
216 creatures vanquished.

Grand Total: 1346 creatures vanquished

Notes
Turn   | Place    | Note
-------+----------+-------------------------------------------
     0 | D:1      | nightchill the Gargoyle Earth Elementalist began the quest
                  | for the Orb.
     0 | D:1      | Reached XP level 1. HP: 10/10 MP: 3/3
   303 | D:1      | Reached XP level 2. HP: 15/15 MP: 5/5
   311 | D:1      | Reached skill level 4 in Earth Magic
   336 | D:1      | Learned a level 2 spell: Passwall
   742 | D:1      | Reached XP level 3. HP: 18/19 MP: 0/6
  1234 | D:1      | Found a faded altar of an unknown god.
  1525 | D:2      | Learned a level 3 spell: Stone Arrow
  1734 | D:2      | Reached XP level 4. HP: 24/24 MP: 2/7
  1804 | D:2      | Reached skill level 5 in Earth Magic
  3018 | D:3      | Reached XP level 5. HP: 28/28 MP: 7/9
  3685 | D:3      | Identified the +8 mace "Ynikhlux" {venom, rPois rF+ Int+3}
  3781 | D:3      | Found Reisuf's Magic Scroll Emporium.
  3783 | D:3      | Noticed a black bear
  3948 | D:3      | Killed a black bear
  3949 | D:3      | Reached skill level 6 in Earth Magic
  3949 | D:3      | Reached XP level 6. HP: 28/32 MP: 5/11
  4387 | D:4      | Learned a level 4 spell: Petrify
  4681 | D:4      | Reached skill level 1 in Fighting
  4847 | D:3      | Reached skill level 7 in Earth Magic
  4847 | D:3      | Reached XP level 7. HP: 38/38 MP: 10/12
  4930 | D:4      | Found Liososar's Magic Scroll Emporium.
  5554 | D:5      | Entered Level 5 of the Dungeon
  5709 | D:5      | Identified the +0 robe of Qyicwarph {Str+4 Slay+2}
  5830 | D:5      | Found a staircase to the Ecumenical Temple.
  5839 | Temple   | Entered the Ecumenical Temple
  5844 | Temple   | Became a worshipper of Vehumet
  5928 | D:5      | Reached skill level 8 in Earth Magic
  5969 | D:5      | Identified the +1 cloak of Sloth {+Inv}
  6012 | D:5      | Reached XP level 8. HP: 39/46 MP: 14/14
  6098 | D:5      | Noticed Prince Ribbit
  6104 | D:5      | Killed Prince Ribbit
  6369 | D:5      | Reached skill level 9 in Earth Magic
  6400 | D:5      | Reached skill level 5 in Spellcasting
  6654 | D:5      | Reached skill level 10 in Earth Magic
  6669 | D:5      | Reached * piety under Vehumet
  6669 | D:5      | Offered knowledge of Shock by Vehumet.
  6670 | D:5      | Reached XP level 9. HP: 53/53 MP: 15/17
  6986 | D:6      | Reached skill level 5 in Fighting
  7143 | D:6      | Reached skill level 11 in Earth Magic
  7322 | D:6      | Identified the +5 sling "Vealiom" {vorpal, MP+9 Str+5
                  | Stlth+}
  7402 | D:6      | Reached ** piety under Vehumet
  7402 | D:6      | Offered knowledge of Poisonous Vapours by Vehumet.
  7515 | D:6      | Found Juqiuf's Book Boutique.
  7830 | D:6      | Reached skill level 1 in Shields
  8446 | D:7      | Reached skill level 12 in Earth Magic
  8446 | D:7      | Reached XP level 10. HP: 61/61 MP: 19/19
  8446 | D:7      | Offered knowledge of Ignite Poison by Vehumet.
  8568 | D:7      | Found an ornate altar of the Wu Jian Council.
  9353 | D:8      | Reached *** piety under Vehumet
 10285 | D:8      | Reached skill level 13 in Earth Magic
 10946 | D:9      | Offered knowledge of Frozen Ramparts by Vehumet.
 11204 | D:9      | Found an opulent altar of Gozag.
 11244 | D:9      | Reached skill level 5 in Shields
 11244 | D:9      | Reached XP level 11. HP: 63/68 MP: 22/22
 11610 | D:9      | Found a staircase to the Orcish Mines.
 11891 | D:10     | Entered Level 10 of the Dungeon
 12103 | D:10     | Reached skill level 14 in Earth Magic
 12269 | D:10     | Found a glowing silver altar of Zin.
 12780 | D:10     | Reached **** piety under Vehumet
 13175 | D:10     | Found a staircase to the Lair.
 13552 | D:10     | Noticed a two-headed ogre
 13568 | D:10     | Killed a two-headed ogre
 13888 | D:10     | Offered knowledge of Fireball by Vehumet.
 13911 | D:10     | Reached XP level 12. HP: 64/76 MP: 24/24
 14756 | Lair:1   | Entered Level 1 of the Lair of Beasts
 14815 | Lair:1   | Noticed a catoblepas
 14881 | Lair:1   | Killed a catoblepas
 15043 | Lair:1   | Noticed Amaemon
 15058 | Lair:1   | Killed Amaemon
 15059 | Lair:1   | Reached skill level 15 in Earth Magic
 15946 | Lair:1   | Noticed a six-headed hydra
 16109 | Lair:1   | Killed a six-headed hydra
 16110 | Lair:1   | Reached skill level 10 in Fighting
 16110 | Lair:1   | Reached skill level 10 in Shields
 16770 | Lair:1   | Learned a level 5 spell: Fireball
 16957 | Lair:2   | Reached skill level 1 in Conjurations
 16975 | Lair:2   | Reached skill level 1 in Fire Magic
 16980 | Lair:2   | Reached XP level 13. HP: 55/83 MP: 26/26
 17176 | Lair:2   | Found a runed translucent door.
 17177 | Lair:2   | Found a shimmering altar of Xom.
 17177 | Lair:2   | Noticed Tyejeoqa's ghost (novice MiBe)
 17759 | Lair:2   | Found a staircase to the Snake Pit.
 18069 | Lair:3   | Reached ***** piety under Vehumet
 18134 | Lair:2   | Offered knowledge of Starburst by Vehumet.
 18537 | Lair:3   | Identified the +3 scale mail "Ruhoc" {Drain rN++ rCorr MP+9
                  | Dex+2}
 19130 | Lair:4   | Reached skill level 5 in Conjurations
 19139 | Lair:3   | Reached skill level 10 in Spellcasting
 19863 | Lair:4   | You fall into a shaft and drop 1 floor!
 19863 | Lair:5   | Entered Level 5 of the Lair of Beasts
 20330 | Orc:1    | Entered Level 1 of the Orcish Mines
 20477 | Orc:2    | Entered Level 2 of the Orcish Mines
 20678 | Orc:1    | Noticed an orc warlord
 20878 | Orc:2    | Offered knowledge of Lee's Rapid Deconstruction by Vehumet.
 20888 | Orc:2    | Learned a level 5 spell: Lee's Rapid Deconstruction
 20953 | Orc:1    | Killed an orc warlord
 21052 | Orc:1    | Found Xiroedd's General Store.
 21509 | Orc:2    | Gained mutation: Your large and strong wings let you fly.
                  | [Gargoyle growth]
 21509 | Orc:2    | Reached XP level 14. HP: 90/90 MP: 18/28
 21745 | Orc:2    | Found a staircase to the Elven Halls.
 22033 | Orc:2    | Paralysed by an ogre mage for 4 turns
 22498 | Orc:2    | Paralysed by an ogre mage for 3 turns
 22642 | Orc:2    | Reached skill level 5 in Fire Magic
 22904 | Orc:2    | Found Afaaq's Weapon Boutique.
 22949 | Orc:2    | Found Ycsick's Distillery.
 22949 | Orc:2    | Found Cesuonwe's Magic Scroll Shop.
 22950 | Orc:2    | Found Monetz's Distillery.
 22950 | Orc:2    | Found Kysabaab's General Store.
 23309 | Orc:1    | Bought a scroll of acquirement for 780 gold pieces
 23309 | Orc:1    | Acquired 1099 gold pieces
 23311 | Orc:1    | Acquired 611 gold pieces
 23380 | Orc:2    | Bought a scroll of teleportation for 39 gold pieces
 23380 | Orc:2    | Bought a scroll of fear for 52 gold pieces
 23380 | Orc:2    | Bought a scroll of teleportation for 39 gold pieces
 23380 | Orc:2    | Bought a scroll of teleportation for 39 gold pieces
 23381 | Orc:2    | Bought a potion of magic for 96 gold pieces
 23381 | Orc:2    | Bought a potion of magic for 96 gold pieces
 23381 | Orc:2    | Bought a potion of magic for 96 gold pieces
 23381 | Orc:2    | Bought a potion of invisibility for 96 gold pieces
 23381 | Orc:2    | Bought a potion of curing for 36 gold pieces
 23382 | Orc:2    | Bought a potion of resistance for 150 gold pieces
 23382 | Orc:2    | Bought 2 potions of heal wounds for 150 gold pieces
 23382 | Orc:2    | Bought a potion of heal wounds for 75 gold pieces
 23382 | Orc:2    | Bought a potion of curing for 45 gold pieces
 25050 | D:12     | Offered knowledge of Spellforged Servitor by Vehumet.
 25518 | D:12     | Reached XP level 15. HP: 96/96 MP: 29/29
 25842 | D:13     | Learned a level 1 spell: Apportation
 26722 | D:13     | Reached skill level 10 in Conjurations
 27299 | D:14     | Found a runed translucent door.
 27299 | D:14     | Noticed Cosask's ghost (journeyman MiFi)
 27335 | D:14     | Found a transporter.
 27342 | D:14     | Found a transporter.
 27360 | D:14     | Found a transporter.
 27361 | D:14     | Noticed Snorg
 27373 | D:14     | Killed Snorg
 27417 | D:14     | Found a transporter.
 27643 | D:14     | Found a transporter.
 27645 | D:14     | Found a transporter.
 27756 | D:14     | Reached skill level 16 in Earth Magic
 27785 | D:14     | Found a gate to the Vaults.
 27829 | D:14     | Found a corrupted altar of Lugonu.
 27880 | D:14     | Found a broken altar of Ashenzari.
 28301 | D:14     | Acquired a staff of conjuration
 29047 | Lair:3   | Found a staircase to the Shoals.
 29270 | Lair:3   | Noticed Kirke
 29291 | Lair:3   | Offered knowledge of Iron Shot by Vehumet.
 29300 | Lair:3   | Learned a level 6 spell: Iron Shot
 29322 | Lair:3   | Killed Kirke
 29970 | D:3      | Bought a scroll of teleportation for 30 gold pieces
 29970 | D:3      | Bought a scroll of identify for 20 gold pieces
 30186 | Orc:2    | Bought a scroll of identify for 26 gold pieces
 30186 | Orc:2    | Bought a scroll of identify for 26 gold pieces
 30186 | Orc:2    | Bought a scroll of identify for 26 gold pieces
 30340 | Snake:1  | Entered Level 1 of the Snake Pit
 31562 | Snake:1  | Reached XP level 16. HP: 93/104 MP: 18/31
 31952 | Snake:1  | Reached skill level 17 in Earth Magic
 32905 | Snake:2  | Offered knowledge of Orb of Destruction by Vehumet.
 34230 | Snake:3  | Noticed Nikola
 34242 | Snake:3  | HP: 4/104 [Nikola/arc of chain lightning (53)]
 34242 | Snake:3  | Killed Nikola
 35047 | Snake:2  | Learned a level 7 spell: Orb of Destruction
 35305 | Snake:3  | Reached skill level 18 in Earth Magic
 35852 | Snake:3  | Noticed a nagaraja
 35881 | Snake:3  | Killed a nagaraja
 35959 | Snake:3  | Noticed a nagaraja
 35981 | Snake:3  | Killed a nagaraja
 36623 | Snake:4  | Entered Level 4 of the Snake Pit
 37524 | Snake:3  | Reached XP level 17. HP: 95/110 MP: 25/33
 39173 | Snake:4  | Reached skill level 19 in Earth Magic
 39516 | Snake:4  | Offered knowledge of Yara's Violent Unravelling by Vehumet.
 40497 | Snake:4  | Got a serpentine rune of Zot
 41175 | Shoals:1 | Entered Level 1 of the Shoals
 41432 | Shoals:1 | Reached skill level 15 in Conjurations
 41617 | Shoals:1 | Identified the +8 shortbow of Responsibility {venom, Contam
                  | rCorr Int-5 Dex+8}
 41854 | Shoals:1 | Reached skill level 1 in Armour
 42380 | Shoals:1 | Reached XP level 18. HP: 98/117 MP: 7/35
 42851 | Shoals:2 | Noticed Frances
 42851 | Shoals:2 | Found Lobbid's Book Shop.
 42858 | Shoals:1 | Killed Frances
 43606 | Shoals:2 | Found Secliel's Jewellery Shop.
 43609 | Shoals:2 | Reached skill level 20 in Earth Magic
 43737 | Shoals:2 | Found Moibulets's Jewellery Shop.
 44178 | Shoals:2 | Found Ryeny's Weapon Shoppe.
 44196 | Shoals:2 | Found Quntachy's Book Boutique.
 44342 | Shoals:2 | Offered knowledge of Eringya's Noxious Bog by Vehumet.
 45080 | Shoals:3 | Reached skill level 15 in Fighting
 45187 | Shoals:3 | Noticed Polyphemus
 45623 | Shoals:3 | Killed Polyphemus
 46630 | Shoals:4 | Entered Level 4 of the Shoals
 46782 | Shoals:4 | Identified the +5 mace of Lies {elec, Dex+2}
 47181 | Shoals:4 | Noticed Ilsuiw
 47199 | Shoals:4 | Killed Ilsuiw
 47923 | Shoals:4 | Reached ****** piety under Vehumet
 47947 | Shoals:4 | Offered knowledge of Shatter by Vehumet.
 47947 | Shoals:4 | Offered knowledge of Chain Lightning by Vehumet.
 47947 | Shoals:4 | Offered knowledge of Polar Vortex by Vehumet.
 48142 | Shoals:3 | Learned a level 9 spell: Shatter
 49422 | Shoals:4 | Reached skill level 21 in Earth Magic
 49983 | Shoals:4 | Got a barnacled rune of Zot
 50274 | D:15     | Entered Level 15 of the Dungeon
 50937 | D:15     | Reached XP level 19. HP: 125/125 MP: 16/36
 51208 | D:15     | Found a staircase to the Depths.
 51500 | Depths:1 | Entered Level 1 of the Depths
 51511 | Depths:1 | Found Rufam's General Store.
 51816 | Depths:1 | Found a gateway to Hell.
 52575 | Depths:1 | Reached skill level 22 in Earth Magic
 52847 | Depths:1 | Found a bloodstained altar of Trog.
 53239 | Depths:2 | Found a one-way gate leading to the halls of Pandemonium.
 53403 | Depths:2 | Noticed a tentacled monstrosity
 53743 | Depths:2 | Noticed a walking crystal tome
 53744 | Depths:2 | Killed a tentacled monstrosity
 53745 | Depths:2 | Killed a walking crystal tome
 53886 | Depths:2 | Noticed a tentacled monstrosity
 53889 | Depths:2 | Killed a tentacled monstrosity
 54894 | Depths:2 | Noticed a golden dragon
 55026 | Depths:2 | Reached skill level 23 in Earth Magic
 55043 | Depths:2 | Killed a golden dragon
 55044 | Depths:2 | Reached XP level 20. HP: 133/133 MP: 2/38
 55546 | Depths:2 | Identified the +1 war axe of the Gazing Madman {vorpal,
                  | *Slow Str+5 Dex+2}
 56056 | Depths:3 | Noticed a juggernaut
 56060 | Depths:3 | Killed a juggernaut
 56061 | Depths:3 | Reached skill level 15 in Spellcasting
 56884 | Depths:3 | Found Uplev's Book Emporium.
 56891 | Depths:3 | Bought the Almanac of Grit for 484 gold pieces
 56897 | Depths:3 | Learned a level 5 spell: Borgnjor's Vile Clutch
 56900 | Depths:3 | Found a corrupted altar of Lugonu.
 56902 | Depths:3 | Found a one-way gate to the infinite horrors of the Abyss.
 56956 | Depths:3 | Found a one-way gateway to a ziggurat.
 57081 | Depths:3 | Found a basalt altar of Yredelemnul.
 57654 | Depths:3 | Found a white marble altar of Elyvilon.
 57689 | Depths:3 | Noticed a caustic shrike
 57969 | Depths:3 | Noticed a golden dragon
 57973 | Depths:3 | Killed a caustic shrike
 58001 | Depths:3 | Killed a golden dragon
 58002 | Depths:3 | Reached skill level 24 in Earth Magic
 58332 | Depths:4 | Entered Level 4 of the Depths
 58371 | Depths:4 | Noticed a golden dragon
 58496 | Depths:4 | Killed a golden dragon
 58551 | Depths:4 | Noticed the Enchantress
 58552 | Depths:4 | Paralysed by a floating eye for 4 turns
 58555 | Depths:4 | Slain by a spriggan rider

Illustrated notes

Levels and vault maps discovered:
D:1:      minmay_arrival_split_and_join, layout_rooms,
          hellmonk_ecumenical_altar_inner_sanctum, minmay_small_reverse_x
D:2:      layout_basic, serial_bayou_crossing
D:3:      layout_basic, serial_shops, shop, minmay_misc_feat_ornament
D:4:      layout_basic, serial_shops, shop, minmay_tree_intersection,
          kennysheep_cluttered_room
D:5:      layout_loops_cross, minmay_temple_entry_proselytizer,
          minmay_increasing_density, uniq_prince_ribbit1
D:6:      kennysheep_housing_project, layout_rooms, serial_shops,
          nicolae_diamond_shop
D:7:      layout_loops_cross, mainiacjoe_overflow_chevrons
D:8:      layout_loops_corners, hangedman_decor_clover_reticule
D:9:      cheibrodos_helix_gallery, layout_long_grid,
          lemuel_coloured_pillars_altar
D:10:     minmay_angry_zag, layout_basic, nicolae_overflow_crystal_walls,
          minmay_lair_entry_grove, serial_undead, serial_undead_c,
          serial_undead_a, serial_undead_f, serial_undead_d, serial_undead_c
D:11:     layout_gridville
D:12:     layout_long_grid, hellmonk_bongcloud_opening
D:13:     layout_roguey
D:14:     kennysheep_kobold_lugonu_temple, layout_cave_pools, david_vaults_5,
          ashenzari_conservatory_becter, gammafunk_ghost_grave,
          serial_nicolae_subway, nicolae_sub_station_stone,
          nicolae_sub_station_metal, nicolae_sub_station_crystal, uniq_snorg
D:15:     hangedman_depths_entry_civil_slaughter, layout_basic
Temple:   hellmonk_temple_of_storms
Lair:1:   layout_roguey, gauntlet_entry_generic, grunt_megastairs_5,
          uniq_amaemon
Lair:2:   lemuel_slime, layout_big_grid, minmay_snake_entry_guardpost_large,
          ebering_ghost_xom, infiniplex_staircase_pool_2
Lair:3:   layout_gridlike, minmay_shoals_entry_lonely_mermaid,
          portal_ice_cave_demonic_guard, wad_woods_road_01, uniq_kirke
Lair:4:   layout_roguey
Lair:5:   cheibrodos_lair_end_hotspot, layout_regular_city, slime_entry_1
Shoals:1: layout_shoals
Shoals:2: layout_shoals, serial_shops, shop, nicolae_stop_n_shop_2,
          nicolae_shop_bloodbath_and_beyond, nicolae_stop_n_shop_2, shop,
          nicolae_shoals_isolated_beach, uniq_frances
Shoals:3: layout_shoals, uniq_polyphemus
Shoals:4: shoals_end_simple, layout_shoals, shoals_ilsuiw_ice
Snake:1:  layout_basic, drop_trap, nicolae_snake_serpentine_hallways
Snake:2:  layout_onion, nicolae_snake_guarding_the_ruins, grunt_megastairs_3
Snake:3:  layout_misc_corridors, nicolae_fountain_basement, uniq_nikola
Snake:4:  minmay_snake_end_coiled, layout_layer_cave, guppyfry_snake_island
Orc:1:    layout_caves, serial_shops, nicolae_shop_stone
Orc:2:    st_orc_ogre_mass, layout_diamond_mine, serial_shops,
          nicolae_shop_stone
Depths:1: layout_forbidden_donut, serial_shops,
          nicolae_shop_competitors_out_of_business, pf_hell_entry_tar_spiral,
          bloody_trog, nicolae_integral_box
Depths:2: minmay_crescents, layout_basic, hangedman_decor_riveting, hell_entry,
          rand_demon_pan_entry_4, st_stairs_1
Depths:3: hourglass_vault, layout_gridlike, enter_ziggurat_f, hell_entry,
          serial_shops, kennysheep_mini, elyvilon_altar_5,
          abyss_entry_flame_altar, lemuel_zombie_altar_yredelemnul
Depths:4: grunt_zot_entry_tricorne, layout_gridville, hell_entry,
          minmay_misc_feat_roman, nicolae_kite_square_tiling_tiny,
          uniq_enchantress

Skill      XL: |  1  2  3  4  5  6  7  8  9 10 11 12 13 14 15 16 17 18 19 20 |
---------------+-------------------------------------------------------------+-----
Earth Magic    | 4 5 6 7 8 10 12 13 14 15 16 18 19 21 23 24 | 24.1
Stealth        | 3 4 |  4.0
Spellcasting   | 3 4 5 6 7 8 9 10 11 12 13 14 15 | 15.4
Fighting       | 1 3 4 6 7 9 10 11 12 13 14 15 16 17 | 17.5
Shields        | 2 5 8 10 12 13 14 | 14.0
Conjurations   | 1 6 9 11 13 15 | 15.0
Fire Magic     | 1 4 5 |  5.6
Armour         | 2 4 |  4.8
Dodging        | 2 4 |  4.1
Transmutations | |  0.7

Action                   |  1- 3 |  4- 6 |  7- 9 | 10-12 | 13-15 | 16-18 | 19-21 || total
-------------------------+-------+-------+-------+-------+-------+-------+-------++-------
Melee: Club              |    11 |       |       |       |       |       |       ||    11
       Punch             |     2 |       |       |     2 |       |       |       ||     4
       Dagger            |    42 |    11 |       |   117 |    79 |       |       ||   249
       Mace              |       |     3 |    20 |     6 |     1 |       |       ||    30
       Sling             |       |       |     2 |     2 |       |       |       ||     4
       Staff             |       |       |       |       |     1 |     2 |     1 ||     4
       Rapier            |       |       |       |       |       |    23 |     1 ||    24
 Fire: Sling             |       |       |     2 |    55 |    13 |       |       ||    70
Throw: Stone             |     2 |       |     1 |       |     5 |     4 |       ||    12
 Cast: Sandblast         |    51 |    62 |   170 |   146 |    47 |     1 |       ||   477
       Stone Arrow       |       |     1 |     4 |   194 |   589 |   640 |     1 ||  1429
       Petrify           |       |       |       |    32 |    32 |     6 |       ||    70
       Passwall          |       |       |       |     1 |       |       |       ||     1
       Fireball          |       |       |       |       |    47 |    39 |       ||    86
       Lee's Rapid Decon |       |       |       |       |    65 |    35 |       ||   100
       Iron Shot         |       |       |       |       |    21 |   147 |    65 ||   233
       Apportation       |       |       |       |       |     3 |       |       ||     3
       Orb of Destructio |       |       |       |       |       |    91 |    57 ||   148
       Shatter           |       |       |       |       |       |     3 |    85 ||    88
       Borgnjor's Vile C |       |       |       |       |       |       |    10 ||    10
Evoke: Wand              |       |       |       |     1 |       |     1 |     8 ||    10
  Use: Scroll            |     1 |     4 |     8 |     6 |    18 |     9 |     4 ||    50
       Potion            |       |       |       |     2 |     1 |     2 |       ||     5
 Stab: Sleeping          |       |     1 |       |       |       |       |       ||     1
       Petrified         |       |       |       |    63 |    54 |     5 |       ||   122
       Distracted        |       |       |       |     1 |       |       |       ||     1
       Petrifying        |       |       |       |     1 |     3 |       |       ||     4
Armor: Robe              |    46 |    24 |    69 |   255 |   185 |   254 |    51 ||   884
Dodge: Dodged            |    58 |    23 |    76 |   184 |   117 |   234 |    49 ||   741
Block: Kite shield       |       |       |       |       |   213 |   427 |    80 ||   720
       Reflection        |       |       |       |       |       |    76 |     6 ||    82
